 Dungeon Crawl Stone Soup version 0.29-a0-330-g52719c12eb (webtiles) character file.

Game seed: 3082871424532939003

23549 shazbat the Geomancer (level 13, 0/63 HPs)
             Began as a Gargoyle Earth Elementalist on May 15, 2022.
             Was an Elder of Vehumet.
             Slain by a torpor snail (12 damage)
             ... on level 4 of the Lair of Beasts on May 18, 2022.
             The game lasted 04:24:40 (21450 turns).

shazbat the Geomancer (GrEE)                       Turns: 21450, Time: 04:24:41

Health: 0/63       AC: 21    Str: 11    XL:     13   Next: 7%
Magic:  7/25       EV: 11    Int: 22    God:    Vehumet [****..]
Gold:   534        SH:  5    Dex: 10    Spells: 4/28 levels left

rFire   + . .      SeeInvis .   A - +2 flail (holy)
rCold   . . .      Faith    .   (no shield)
rNeg    + . .      Spirit   .   o - +3 leather armour {rF+}
rPois   ∞          Reflect  +   t - +2 helmet
rElec   +          Harm     .   (no cloak)
rCorr   .          Rampage  .   I - +0 pair of gloves
Will    +....                   C - +0 pair of boots
Stlth   ++........              d - amulet of reflection
HPRegen 0.20/turn               y - +4 ring of slaying
MPRegen 0.19/turn               E - ring of willpower

@: slowed, very slow
A: sickness immunity, AC +9, negative energy resistance 1, electricity
resistance, torment resistance 1, petrification resistance
a: Renounce Religion


You were on level 4 of the Lair of Beasts.
You worshipped Vehumet.
Vehumet was greatly pleased with you.
You visited 3 branches of the dungeon, and saw 13 of its levels.

You collected 890 gold pieces.
You spent 356 gold pieces at shops.

Inventory:

Hand Weapons
 g - a +2 dagger of venom
 A - a +2 flail of holy wrath (weapon)
 D - a +3 short sword of distortion
 Z - a +2 dagger of flaming
Missiles
 a - 128 stones
Armour
 o - a +3 leather armour of fire resistance (worn)
 t - a +2 helmet (worn)
 C - a +0 pair of boots (worn)
 I - a +0 pair of gloves (worn)
 M - the +2 hat of the Bear Spirit {Spirit, *Rage Will++}
   (You found it on level 4 of the Lair of Beasts)

   Going berserk makes the wearer tougher, and they're slowed less afterward.
   *Rage:     It berserks you when you make melee attacks (+20% chance).
   Will:      It greatly increases your willpower.
 T - a +0 robe of willpower
Magical Staves
 F - a staff of death
Jewellery
 b - a ring of see invisible
 d - an amulet of reflection (around neck)
 e - a ring of flight
 j - a ring of poison resistance
 m - a ring of resist corrosion
 y - a +4 ring of slaying (left hand)
 B - an amulet of the acrobat
 E - a ring of willpower (right hand)
 G - an amulet of faith
 U - a ring of willpower
 Y - a ring of fire
Wands
 k - a wand of charming (15)
 n - a wand of paralysis (7)
 p - a wand of acid (5)
 J - a wand of digging (3)
 P - a wand of flame (16)
Scrolls
 c - 2 scrolls of identify
 q - a scroll of teleportation
 s - a scroll of amnesia
 u - 3 scrolls of enchant armour
 w - a scroll of blinking
 x - 2 scrolls of magic mapping
 z - 2 scrolls of holy word
 H - a scroll of enchant weapon
 K - a scroll of fear
Potions
 f - 4 potions of curing
 h - 2 potions of brilliance {unknown}
 i - 5 potions of cancellation
 l - a potion of mutation {unknown}
 r - 2 potions of heal wounds
 v - 2 potions of berserk rage
 L - a potion of might {unknown}


   Skills:
 - Level 6.0 Maces & Flails
 - Level 4.0 Armour
 - Level 1.5 Dodging
 - Level 2.1 Stealth
 + Level 8.4 Spellcasting
 + Level 9.1 Conjurations
 + Level 5.1 Translocations
 + Level 7.0 Transmutations
 + Level 5.0 Fire Magic
 + Level 2.4 Air Magic
 + Level 10.8 Earth Magic
 + Level 3.0 Poison Magic
 + Level 6.3 Evocations


You had 4 spell levels left.
You knew the following spells:

 Your Spells              Type           Power      Damage    Failure   Level
a - Sandblast             Erth           100%       2d20      1%          1
b - Passwall              Tmut/Erth      40%        N/A       1%          2
c - Stone Arrow           Conj/Erth      100%       3d13      1%          3
d - Blink                 Tloc           64%        N/A       1%          2
e - Magic Dart            Conj           100%       1d8       1%          1
f - Scorch                Fire           62%        2d8       1%          2
g - Sticky Flame          Conj/Fire      40%        2d6       1%          4
h - Conjure Flame         Conj/Fire      40%        6-21      1%          3
i - Mephitic Cloud        Conj/Pois/Air  30%        N/A       1%          3
j - Ignite Poison         Fire/Tmut/Pois 31%        N/A       1%          3

Your spell library contained the following spells:

 Spells                   Type           Power      Damage    Failure   Level
 Frozen Ramparts          Ice            18%        1d3       7%          3
 Flame Wave               Conj/Fire      40%        2d9       1%          4
 Petrify                  Tmut/Erth      48%        N/A       2%          4
 Slow                     Hex            36%        N/A       9%          1
 Corpse Rot               Necr/Air       28%        N/A       9%          2
 Confusing Touch          Hex            9%         N/A       26%         3
 Ozocubu's Armour         Ice            9%         N/A       26%         3
 Vampiric Draining        Necr           9%         2d6       26%         3
 Dispel Undead            Necr           9%         3d8       65%         4
 Manifold Assault         Tloc           32%        N/A       30%         5
 Death Channel            Necr           4%         N/A       100%        6
 Summon Cactus Giant      Summ           4%         N/A       100%        6
 Ozocubu's Refrigeration  Ice            4%         4d5       100%        7
 Storm Form               Tmut/Air       15%        N/A       100%        7


Dungeon Overview and Level Annotations

Branches:
Dungeon (8/15)             Temple (1/1) D:7            Lair (4/6) D:8
  Swamp (0/4) Lair:2        Snake (0/4) Lair:3

Altars:
Ashenzari
Gozag
Qazlal
Trog
Vehumet

Shops:
D:3 *   D:7 [   D:8 ?[=

Annotations:
D:5 2 runed translucent doors
D:6 exclusion: upstairs
Lair:1 3 runed translucent doors, Ixinytash's ghost, journeyman OgAr
Lair:2 3 runed translucent doors + Swamp, Dialam's ghost, journeyman OpFi; Gastronok
Lair:3 exclusion: ice statue


Innate Abilities, Weirdness & Mutations

You are immune to sickness and miasma.
Your stone body is resilient. (AC +9)
You are immune to poison.
You resist negative energy. (rN+)
You are resistant to electric shocks. (rElec)
You are resistant to unholy torment.
You are immune to petrification.


Message History

Confirm with . or Enter, or press ? or * to list all spells.
Aiming: Sandblast (safe; 1% risk of failure)
Press: ? - help, Shift-Dir - straight line, f/p - yak
Aim: a yak (moderately wounded, 90% to hit)
The blast of sand hits the yak!
The yak is severely wounded.
The torpor snail closely misses you. You block the yak's attack.
Casting: Sandblast (safe; 1% risk of failure)
Confirm with . or Enter, or press ? or * to list all spells.
Aiming: Sandblast (safe; 1% risk of failure)
Press: ? - help, Shift-Dir - straight line, f/p - yak
Aim: a yak (severely wounded, 90% to hit)
The blast of sand hits the yak!
You kill the yak!
Vehumet accepts your kill. The torpor snail bites you!
Your Fire Magic skill increases to level 5!
Casting: Sandblast (safe; 1% risk of failure)
Confirm with . or Enter, or press ? or * to list all spells.
Aiming: Sandblast (safe; 1% risk of failure)
Press: ? - help, Shift-Dir - straight line, f - torpor snail
Aim: a torpor snail (severely wounded, 100% to hit)
The blast of sand hits the torpor snail.
The torpor snail is severely wounded.
You block the torpor snail's attack.
Casting: Sandblast (safe; 1% risk of failure)
Confirm with . or Enter, or press ? or * to list all spells.
Aiming: Sandblast (safe; 1% risk of failure)
Press: ? - help, Shift-Dir - straight line, f/p - torpor snail
Aim: a torpor snail (severely wounded, 100% to hit)
The blast of sand hits the torpor snail!
The torpor snail is almost dead.
The torpor snail bites you!
* * * LOW HITPOINT WARNING * * *
Aiming: Paralyse
Press: ? - help, Shift-Dir - straight line, f/p - torpor snail
Aim: a torpor snail (almost dead, chance to affect: 47%)
The torpor snail resists with some effort.
The torpor snail bites you!
You die...

#....P##
###....##
#.....#
#....##
###.##
#..# ##†.#
#.w##
##@##
##..#
##..##
#P..#
##..# #..#
### #..##
#.##.#####
##..#
.........#
#..##


You could see a torpor snail.

Vanquished Creatures
  Sonja (Lair:2)
  A bog body (Lair:2)
  Pikel (D:7)
  4 elephants (Lair:3)
  7 black mambas
  8 cane toads
  Maggie (D:6)
  2 komodo dragons
  2 kobold demonologists (D:6)
  2 rime drakes
  2 polar bears (Lair:3)
  Prince Ribbit (D:7)
  15 blink frogs
  Sigmund (D:5)
  A shadow (D:5)
  3 wyverns
  27 yaks
  3 steam dragons
  Menkaure (D:4)
  Edmund (D:6)
  Duvessa (D:7)
  9 water moccasins
  6 ice beasts (Lair:3)
  2 sky beasts
  5 black bears
  3 wolves (Lair:3)
  A centaur (D:5)
  An ogre (D:4)
  A phantom (D:7)
  8 kobold brigands
  2 gnoll sergeants
  Blork the orc (D:6)
  5 bullfrogs
  2 necrophages
  2 scorpions
  Dowan (D:7)
  4 killer bees (D:5)
  4 electric eels
  5 howler monkeys (D:8)
  3 lava snakes (Lair:1)
  2 orc priests (D:5)
  3 hounds
  3 jellies
  6 iguanas
  A gnoll shaman (D:5)
  4 orc wizards
  5 hell rats (Lair:2)
  Robin (D:4)
  16 adders
  12 gnolls
  4 white imps
  An ufetubus (D:5)
  9 worms
  6 dart slugs
  28 orcs
  14 ball pythons
  9 bats
  4 endoplasms
  A giant cockroach (D:4)
  18 goblins
  12 hobgoblins
  11 jackals (D:4)
  3 quokkas
  3 frilled lizards
  61 kobolds
  6 rats
393 creatures vanquished.

Vanquished Creatures (others)
  13 fungi
  18 plants
31 creatures vanquished.

Grand Total: 424 creatures vanquished

Notes
Turn   | Place    | Note
-------+----------+-------------------------------------------
     0 | D:1      | shazbat the Gargoyle Earth Elementalist began the quest for
                  | the Orb.
     0 | D:1      | Reached XP level 1. HP: 10/10 MP: 3/3
   322 | D:1      | Reached XP level 2. HP: 15/15 MP: 3/5
   355 | D:1      | Reached skill level 4 in Earth Magic
   431 | D:1      | Found a faded altar of an unknown god.
   923 | D:1      | Reached XP level 3. HP: 19/19 MP: 4/6
   926 | D:1      | Learned a level 2 spell: Passwall
   930 | D:1      | Learned a level 3 spell: Stone Arrow
  1445 | D:2      | Reached skill level 1 in Transmutations
  1706 | D:2      | Reached XP level 4. HP: 18/24 MP: 6/8
  2681 | D:3      | Found Ohutosh's General Store.
  2796 | D:3      | Reached skill level 5 in Earth Magic
  2873 | D:3      | Reached XP level 5. HP: 28/28 MP: 2/9
  2882 | D:3      | Reached skill level 1 in Conjurations
  3137 | D:3      | Reached XP level 6. HP: 21/32 MP: 6/11
  4495 | D:4      | Reached XP level 7. HP: 26/36 MP: 11/13
  4656 | D:4      | Noticed Menkaure
  4666 | D:4      | Killed Menkaure
  4667 | D:4      | Reached skill level 6 in Earth Magic
  4781 | D:4      | Noticed Robin
  5238 | D:4      | Killed Robin
  5809 | D:5      | Entered Level 5 of the Dungeon
  6294 | D:5      | Found a large runed translucent door.
  6294 | D:5      | Noticed Sigmund
  6326 | D:5      | Reached XP level 8. HP: 35/41 MP: 9/15
  6424 | D:5      | Found a large runed translucent door.
  6425 | D:5      | Found a large runed translucent door.
  6432 | D:5      | Noticed a yak
  6432 | D:5      | Noticed a shadow
  6735 | D:5      | Found a large runed translucent door.
  7059 | D:6      | Noticed Edmund
  7070 | D:6      | Killed Edmund
  7071 | D:6      | Reached skill level 5 in Spellcasting
  7071 | D:6      | Reached skill level 7 in Earth Magic
  7390 | D:6      | Noticed Blork the orc
  7524 | D:6      | Killed Blork the orc
  7525 | D:6      | Reached skill level 1 in Maces & Flails
  7525 | D:6      | Reached skill level 1 in Evocations
  7699 | D:6      | Reached skill level 5 in Conjurations
  7863 | D:6      | Noticed Maggie
  8033 | D:6      | Noticed a kobold demonologist
  8034 | D:6      | Noticed a kobold demonologist
  8064 | D:6      | Killed a kobold demonologist
  8065 | D:6      | Reached XP level 9. HP: 45/45 MP: 10/17
  8249 | D:6      | Killed a kobold demonologist
  8452 | D:5      | Reached skill level 8 in Earth Magic
  8842 | D:7      | Noticed Prince Ribbit
  8845 | D:7      | Killed Prince Ribbit
  9028 | D:7      | Noticed Dowan
  9031 | D:7      | Noticed Duvessa
  9032 | D:7      | Killed Dowan
  9037 | D:7      | Killed Duvessa
  9044 | D:7      | Noticed Pikel
  9077 | D:7      | Killed Pikel
  9078 | D:7      | Reached skill level 1 in Armour
  9078 | D:7      | Reached skill level 5 in Transmutations
  9078 | D:7      | Reached XP level 10. HP: 46/50 MP: 1/19
  9579 | D:7      | Found a staircase to the Ecumenical Temple.
  9591 | Temple   | Entered the Ecumenical Temple
  9639 | Temple   | Became a worshipper of Vehumet
  9893 | D:7      | Learned a level 2 spell: Blink
 10173 | D:7      | Found a bloodstained altar of Trog.
 10433 | D:7      | Found Qofawees's Armour Emporium.
 10535 | D:8      | Found Hoipp's Jewellery Emporium.
 10564 | D:8      | Found a flagged portal.
 10817 | D:5      | Identified the ring of Lies {*Slow +Blink rElec Will+}
 10985 | D:5      | Reached skill level 1 in Translocations
 10988 | D:5      | Identified the +5 chain mail "Udasheam" {rElec rN+}
 11101 | D:3      | Bought a scroll of magic mapping for 49 gold pieces
 11578 | D:5      | Reached * piety under Vehumet
 11578 | D:5      | Offered knowledge of Magic Dart by Vehumet.
 11809 | D:5      | Learned a level 1 spell: Magic Dart
 12046 | D:5      | Killed Sigmund
 12307 | D:8      | Offered knowledge of Poisonous Vapours by Vehumet.
 12308 | D:8      | Found a staircase to the Lair.
 12329 | D:8      | Reached ** piety under Vehumet
 12507 | D:8      | Reached skill level 9 in Earth Magic
 12616 | D:8      | Found Diozaf's Armour Shop.
 12658 | D:8      | Found Kebroff's Magic Scroll Shop.
 12661 | D:8      | Bought a scroll of identify for 28 gold pieces
 12661 | D:8      | Bought a scroll of identify for 28 gold pieces
 12661 | D:8      | Bought a scroll of identify for 28 gold pieces
 12661 | D:8      | Bought a scroll of identify for 28 gold pieces
 12883 | D:8      | Learned a level 2 spell: Scorch
 12888 | D:8      | Learned a level 4 spell: Sticky Flame
 12892 | D:8      | Learned a level 3 spell: Conjure Flame
 13287 | D:8      | Bought a ring of see invisible for 195 gold pieces
 13772 | D:6      | Killed Maggie
 14324 | Lair:1   | Entered Level 1 of the Lair of Beasts
 14334 | Lair:1   | Found a runed translucent gate.
 14335 | Lair:1   | Found a runed translucent gate.
 14336 | Lair:1   | Found a runed translucent gate.
 14338 | Lair:1   | Noticed Ixinytash's ghost (journeyman OgAr)
 14362 | Lair:1   | Noticed a black mamba
 14741 | D:8      | Reached skill level 1 in Fire Magic
 14763 | D:8      | Killed a black mamba
 14764 | D:8      | Reached XP level 11. HP: 25/54 MP: 4/21
 15162 | D:8      | Reached skill level 5 in Maces & Flails
 15382 | Lair:1   | Offered knowledge of Static Discharge by Vehumet.
 15732 | Lair:1   | Reached *** piety under Vehumet
 16130 | Lair:1   | Reached skill level 5 in Evocations
 16349 | Lair:2   | Found a staircase to the Swamp.
 16349 | Lair:2   | Noticed a bog body
 16357 | Lair:2   | Killed a bog body
 16362 | Lair:2   | Noticed a minotaur
 16363 | Lair:2   | Noticed Dialam's ghost (journeyman OpFi)
 16364 | Lair:2   | Noticed a catoblepas
 16500 | Lair:2   | Found a runed translucent gate.
 16500 | Lair:2   | Found a runed translucent gate.
 16500 | Lair:2   | Found a runed translucent gate.
 16514 | Lair:2   | Reached skill level 10 in Earth Magic
 16595 | Lair:2   | Offered knowledge of Mephitic Cloud by Vehumet.
 16596 | Lair:2   | Reached XP level 12. HP: 59/59 MP: 20/23
 16600 | Lair:2   | Learned a level 3 spell: Mephitic Cloud
 16616 | Lair:2   | Learned a level 3 spell: Ignite Poison
 16831 | Lair:2   | Noticed Sonja
 16833 | Lair:2   | Killed Sonja
 16836 | Lair:2   | Noticed Gastronok
 16906 | Lair:2   | Noticed a fire dragon
 17267 | Lair:2   | Noticed a boulder beetle
 18638 | Lair:3   | Found a staircase to the Snake Pit.
 18667 | Lair:3   | Reached skill level 1 in Poison Magic
 18827 | Lair:3   | Reached skill level 1 in Air Magic
 19659 | Lair:3   | Reached **** piety under Vehumet
 20270 | Lair:3   | Offered knowledge of Frozen Ramparts by Vehumet.
 20448 | Lair:3   | Reached skill level 5 in Translocations
 20892 | Lair:3   | Reached XP level 13. HP: 49/63 MP: 14/25
 21372 | Lair:4   | Found the +2 hat of the Bear Spirit {Spirit, *Rage Will++}
 21448 | Lair:4   | Reached skill level 5 in Fire Magic
 21450 | Lair:4   | Slain by a torpor snail

Illustrated notes

Levels and vault maps discovered:
D:1:      doesnt_arrival_eight_statues, layout_loops_ring,
          hellmonk_ecumenical_altar_crossroads
D:2:      layout_basic, minmay_pentomino_u4
D:3:      wad_crossroads, layout_basic, serial_shops, nicolae_shop_hallway_plus,
          minmay_snake_closets
D:4:      minmay_recursive_quarters, layout_rooms, minmay_increasing_density,
          uniq_robin, uniq_menkaure
D:5:      minmay_goblin_kobold_castle, layout_basic,
          minmay_hollow_rounded_squares, uniq_sigmund
D:6:      layout_basic, uniq_maggie, uniq_edmund, uniq_blork_the_orc
D:7:      layout_gridville, lightli_temple_of_fire,
          minmay_temple_entry_overgrown, serial_shops, shop_fountains,
          hangedman_abyss_or_decor_lesser_grid, uniq_prince_ribbit1,
          uniq_duvessa, uniq_pikel
D:8:      layout_loops_cross, david_lair_generic, serial_shops, shop_fountains,
          kennysheep_mini, nicolae_inconvenience_store, enter_bailey_6,
          supply_closet_lemuel
Temple:   mainiacjoe_temple_trianglar_array
Lair:1:   layout_regular_city, ebering_ghost_rock_garden,
          nicolae_lair_liquid_snakes, grunt_megastairs_4, lemuel_fruit_fields
Lair:2:   dragon1_lemuel, layout_layer_cave, skrybe_swamp_entry_bodies,
          maelrawn_ghost_gauntlet_escape, nzn_sisyphean_effort,
          infiniplex_staircase_pool_2, uniq_gastronok, uniq_sonja
Lair:3:   layout_gridlike, minmay_snake_entry_six_corridors, ice2_lemuel
Lair:4:   layout_loops_ring, kennysheep_rathole, grunt_megastairs_2,
          lemuel_fruit_fields

Skill      XL: |  1  2  3  4  5  6  7  8  9 10 11 12 13 |
---------------+----------------------------------------+-----
Earth Magic    | 4 5 6 7 8 9 10 | 10.8
Transmutations | 1 2 3 4 5 6 7 |  7.0
Spellcasting   | 3 4 5 6 7 8 |  8.4
Conjurations   | 1 2 4 5 6 7 8 9 |  9.1
Maces & Flails | 2 3 4 5 6 |  6.0
Evocations     | 2 3 4 5 6 |  6.3
Armour         | 1 3 4 |  4.0
Translocations | 2 3 5 |  5.1
Fire Magic     | 1 3 4 5 |  5.0
Poison Magic   | 2 3 |  3.0
Air Magic      | 2 |  2.4
Dodging        | |  1.5
Stealth        | |  2.1

Action                   |  1- 3 |  4- 6 |  7- 9 | 10-12 | 13-15 || total
-------------------------+-------+-------+-------+-------+-------++-------
Melee: Dagger            |    15 |       |       |       |       ||    15
       Mace              |    19 |    83 |       |       |       ||   102
       Flail             |       |    19 |    97 |    61 |       ||   177
       Punch             |       |     1 |     1 |       |       ||     2
 Cast: Sandblast         |    40 |    82 |    50 |   234 |    18 ||   424
       Stone Arrow       |       |       |    73 |   178 |     8 ||   259
       Passwall          |       |       |     3 |    22 |       ||    25
       Magic Dart        |       |       |       |    45 |       ||    45
       Blink             |       |       |       |     9 |       ||     9
       Conjure Flame     |       |       |       |     1 |       ||     1
       Scorch            |       |       |       |     1 |       ||     1
       Sticky Flame      |       |       |       |     1 |       ||     1
Evoke: Wand              |       |       |     1 |    15 |     1 ||    17
  Use: Scroll            |     6 |     4 |     6 |     8 |       ||    24
       Potion            |       |       |     1 |     1 |       ||     2
 Stab: Sleeping          |       |     1 |       |       |       ||     1
Armor: Robe              |    14 |    39 |    63 |    34 |       ||   150
       Leather armour    |       |       |       |    94 |    13 ||   107
Dodge: Dodged            |    22 |    66 |    97 |   120 |     8 ||   313
Block: Other             |       |    28 |    40 |    48 |     4 ||   120
       Reflection        |       |       |     8 |     5 |       ||    13

Table legend: (Time is in decaauts)
 A = Elapsed time spent in this place.
 B = Non-inter-level travel time spent in this place.
 C = Inter-level travel time spent in this place.
 D = Time resting spent in this place.
 E = Time spent auto-exploring this place.
 F = Levels seen in this place.
 G = Mean time per level.
                   A        B        C        D        E       F      G
               +--------+--------+--------+--------+--------+-----+--------+
         Total |  21609 |  14891 |   6718 |   5195 |   6119 |  13 | 1662.2 |
       Dungeon |  16000 |  11250 |   4750 |   3788 |   4839 |   8 | 2000.0 |
        Temple |    159 |     27 |    132 |      0 |      0 |   1 |  159.0 |
          Lair |   5449 |   3613 |   1836 |   1407 |   1280 |   4 | 1362.2 |
               +--------+--------+--------+--------+--------+-----+--------+

Top non-repeatable levels by time:
     D:5: 2652 daAuts
  Lair:3: 2520 daAuts
     D:8: 2437 daAuts
     D:7: 2116 daAuts
     D:4: 2104 daAuts
     D:6: 2101 daAuts
     D:3: 1703 daAuts
     D:2: 1643 daAuts
  Lair:2: 1462 daAuts
  Lair:1: 1299 daAuts
     D:1: 1240 daAuts
  Lair:4: 167 daAuts
  Temple: 159 daAuts
